Map: Lost and Found LE

Players

Bly - Winner!

  • Race: Zerg Zerg
  • Spawn Location: 7:00

InZaNe

  • Race: Terran Terran
  • Spawn Location: 1:00

Event: WCS Valencia 2018

VOD

Have the link to the VOD?

Description

Time

  • Played on: July 12, 2018, 7:22 a.m.
  • Length: 19:47

All games in this series

Show
View Real Time Build Order
Export as new Build Order

Bly Zerg - Winner!

Build Orders: Pool First, Brood Lord Corruptor 

Get SALT Encoding   

  12  0:01  Drone  
  13  0:13  Overlord  
  13  0:16  Drone  
  14  0:31  Drone  
  14  0:33  Drone  
  14  0:35  Drone  
  17  0:44  Spawning Pool  
  17  0:49  Drone  
  17  1:08  Hatchery  
  17  1:10  Drone  
  17  1:20  Extractor  
  17  1:21  Drone  
  17  1:32  Zergling x4  
  19  1:33  Queen  
  19  1:39  Overlord  
  21  1:54  Drone  
  22  2:02  Drone  
  23  2:09  Queen  
  25  2:17  Drone  
  25  2:20  Drone  
  27  2:27  Drone, Queen  
  27  2:28  Metabolic Boost  
  30  2:33  Drone x2  
  32  2:41  Drone x2  
  32  2:43  Overlord  
  34  2:48  Drone x2  
  36  2:56  Overlord  
  36  3:06  Hatchery  
  36  3:08  Drone  
  36  3:12  Drone x2  
  38  3:25  Drone x6  
  44  3:28  Overlord  
  42  3:34  Overlord  
  44  3:47  Zergling x10  
  49  3:53  Lair  
  49  4:00  Zergling x10  
  54  4:08  Spore Crawler  
  53  4:14  Drone x5  
  57  4:21  Overlord  
  57  4:23  Drone x2  
  59  4:31  Overlord  
  59  4:32  Drone x4  
  63  4:40  Queen  
  63  4:44  Extractor  
  63  4:45  Extractor, Drone x5, Roach Warren  
  66  4:49  Overlord  
  66  4:51  Drone x2  
  69  4:54  Overseer  
  69  4:59  Infestation Pit, Evolution Chamber  
  67  5:01  Drone x4  
  70  5:26  Zergling x4, Roach x7  
  68  5:44  Drone x3  
  68  5:49  Drone x3  
  74  5:53  Glial Reconstitution  
  74  5:56  Drone  
  75  6:01  Drone x2  
  75  6:03  Zerg Ground Armor Level 1  
  77  6:08  Spore Crawler, Drone  
  77  6:13  Drone x2  
  77  6:16  Extractor x2  
  77  6:17  Overlord, Queen  
  77  6:18  Extractor  
  77  6:27  Hatchery  
  77  6:28  Drone x10  
  77  6:30  Drone  
  86  6:34  Swarm Host  
  86  6:52  Drone x5  
  91  6:56  Overlord  
  91  7:00  Overlord  
  91  7:15  Roach x6  
  105  7:20  Hive  
  105  7:21  Overlord x2  
  104  7:31  Drone x4  
  104  7:32  Drone x4  
  104  7:36  Overlord  
  110  7:38  Drone  
  110  7:41  Overlord, Infestor x2  
  110  7:42  Drone x2  
  110  7:43  Drone  
  118  7:45  Overlord  
  118  7:55  Drone  
  118  7:56  Drone x3  
  122  8:00  Overlord, Hatchery  
  122  8:03  Zerg Missile Weapons Level 1  
  117  8:06  Roach  
  117  8:07  Hydralisk Den, Roach x5  
  117  8:11  Roach x4  
  132  8:30  Drone x3  
  132  8:31  Hatchery, Extractor  
  132  8:32  Extractor  
  132  8:33  Spire  
  131  8:37  Viper x3  
  140  8:44  Zergling x2  
  140  8:45  Zergling x20  
  151  9:02  Spore Crawler  
  150  9:06  Muscular Augments, Hydralisk x7  
  164  9:10  Spore Crawler  
  164  9:11  Spine Crawler  
  164  9:15  Overlord  
  161  9:31  Hydralisk x6  
  160  9:32  Overlord x3  
  165  9:46  Drone x2  
  165  9:47  Drone x2  
  165  9:51  Greater Spire  
  162  9:53  Hydralisk x10  
  182  10:06  Zerg Missile Weapons Level 2  
  182  10:08  Roach x2, Evolution Chamber  
  185  10:17  Extractor x2, Grooved Spines, Roach x6  
  185  10:19  Overlord  
  191  10:26  Spine Crawler  
  169  10:55  Drone x3  
  172  10:58  Zerg Ground Armor Level 2  
  172  11:01  Corruptor  
  172  11:02  Corruptor x6  
  167  11:27  Hydralisk x13  
  156  11:34  Roach x7  
  156  11:41  Brood Lord  
  156  11:43  Zergling x12  
  164  11:53  Brood Lord x2  
  168  11:58  Brood Lord  
  170  12:03  Brood Lord  
  172  12:09  Brood Lord  
  167  12:19  Brood Lord  
  153  12:26  Hydralisk x5  
  161  12:34  Hatchery  
  160  12:38  Zergling x20  
  160  12:40  Zerg Melee Weapons Level 1  
  147  13:02  Infestor x2  
  147  13:03  Viper  
  147  13:05  Drone x3  
  157  13:06  Drone x3  
  157  13:07  Drone x3  
  157  13:08  Drone x3  
  166  13:18  Zerg Ground Armor Level 3  
  163  13:43  Hydralisk x8  
  146  14:03  Hydralisk x5  
  146  14:17  Hatchery  
  142  14:32  Drone x3  
  142  14:47  Corruptor x3  
  148  14:53  Zerg Melee Weapons Level 2  
  148  15:01  Hatchery  
  148  15:06  Corruptor x2  
  151  15:12  Infestor x2  
  151  15:13  Infestor  
  157  15:22  Overseer  
  157  15:24  Overseer  
  157  15:32  Brood Lord x2  
  161  15:37  Extractor  
  160  15:53  Viper x2  
  160  15:56  Brood Lord x2  
  170  15:57  Hatchery  
  170  16:03  Brood Lord  
  162  16:20  Unknown  
  154  16:29  Unknown  
  154  16:31  Hydralisk x8  
  154  16:32  Drone  
  171  16:40  Drone x3  
  171  16:41  Drone x3  
  173  17:03  Spore Crawler  
  173  17:08  Drone x2  
  173  17:09  Drone x2  
  173  17:10  Pneumatized Carapace  
  173  17:13  Overseer x2  
  176  17:21  Zerg Flyer Weapons Level 1  
  176  17:30  Corruptor x3  
  182  17:49  Drone x3  
  185  17:52  Spore Crawler x2  
  185  17:53  Spore Crawler, Drone x3  
  185  17:54  Drone  
  185  17:55  Queen x2  
  190  18:17  Extractor  
  190  18:19  Extractor  
  190  18:27  Brood Lord x3  
  190  18:28  Overseer  
  194  18:45  Overseer  
  194  18:46  Overlord, Overseer  
  194  18:47  Overlord x2  
  194  18:54  Drone x3  
  194  18:55  Spine Crawler  
  196  18:56  Spine Crawler  
  195  19:12  Hatchery  
  192  19:20  Unknown  
Show
View Real Time Build Order
Export as new Build Order

InZaNe Terran 

Build Orders: Hellion Opening, Reaper Expand, Mech 

Get SALT Encoding   

  12  0:00  SCV  
  13  0:12  SCV  
  14  0:17  Supply Depot  
  14  0:24  SCV  
  15  0:38  SCV  
  15  0:40  Barracks  
  16  0:45  Refinery  
  16  0:50  SCV  
  17  1:02  SCV  
  18  1:15  SCV  
  19  1:28  Reaper  
  19  1:29  Orbital Command  
  20  1:39  Command Center  
  20  1:50  Supply Depot  
  20  1:55  SCV  
  20  1:59  Marine  
  22  2:09  SCV  
  22  2:14  Factory  
  23  2:17  Refinery  
  23  2:21  SCV, Barracks Reactor  
  24  2:33  SCV  
  25  2:45  SCV  
  26  2:51  Orbital Command  
  26  2:55  Bunker  
  26  2:57  SCV  
  27  2:59  Starport  
  27  3:05  Barracks Tech Lab, Hellion  
  29  3:06  Hellion  
  29  3:09  SCV  
  32  3:18  SCV  
  33  3:22  SCV  
  33  3:29  Hellion x2  
  33  3:30  SCV  
  33  3:34  SCV  
  39  3:42  SCV, Viking  
  42  3:49  Supply Depot  
  42  3:50  Hellion  
  46  3:55  Hellion  
  46  4:04  Supply Depot  
  46  4:11  SCV x2  
  46  4:14  Medivac  
  46  4:15  Hellion  
  54  4:17  Hellion  
  54  4:23  SCV  
  54  4:25  SCV  
  54  4:26  Armory  
  54  4:29  Supply Depot  
  56  4:35  SCV  
  56  4:37  SCV  
  56  4:38  Liberator  
  57  4:39  Barracks Tech Lab, Hellion x2  
  61  4:47  Command Center  
  61  4:53  SCV x2  
  61  4:58  Engineering Bay  
  66  5:03  Supply Depot  
  66  5:05  SCV  
  69  5:07  Supply Depot, Hellion  
  69  5:18  SCV  
  69  5:20  SCV  
  70  5:25  Hellion  
  72  5:30  SCV  
  72  5:31  Hellion  
  72  5:32  SCV  
  76  5:42  SCV  
  71  5:43  Liberator  
  71  5:45  SCV  
  71  5:47  Cyclone, Factory  
  71  5:48  Factory  
  75  5:53  Refinery, Cyclone  
  75  5:54  Refinery  
  78  5:59  SCV x2  
  83  6:11  Orbital Command, SCV x2  
  85  6:18  Terran Vehicle Weapons Level 1  
  85  6:20  Hellion  
  85  6:23  Hellion x6  
  85  6:25  SCV x2, Hellion  
  91  6:26  Supply Depot  
  91  6:37  SCV x2  
  87  6:42  SCV  
  87  6:47  Siege Tank, Hellion  
  87  6:49  SCV x2  
  87  6:50  Hellion  
  87  6:53  Orbital Command  
  89  6:56  Siege Tank  
  92  7:01  SCV x2  
  92  7:06  Supply Depot  
  94  7:08  Refinery  
  94  7:09  Supply Depot  
  94  7:10  Barracks Tech Lab  
  94  7:13  SCV  
  96  7:15  SCV  
  96  7:19  Siege Tank  
  96  7:21  SCV  
  100  7:25  SCV  
  100  7:26  Engineering Bay x2  
  100  7:27  SCV  
  102  7:31  Siege Tank  
  102  7:33  SCV  
  102  7:36  Refinery, Hellion x2  
  107  7:37  SCV  
  107  7:39  SCV  
  109  7:49  SCV  
  109  7:50  Starport Reactor  
  109  7:51  Command Center  
  111  7:52  Siege Tank, SCV  
  111  7:54  Stimpack, Marine  
  111  7:57  Barracks  
  113  8:00  Terran Infantry Armor Level 1, Barracks x2  
  113  8:01  Barracks  
  113  8:10  Terran Infantry Weapons Level 1  
  113  8:11  Siege Tank  
  110  8:17  Hellion x2  
  115  8:20  SCV x3  
  115  8:22  Barracks  
  117  8:28  Marine  
  117  8:29  Siege Tank  
  121  8:38  Supply Depot  
  121  8:39  Terran Vehicle Weapons Level 2, Supply Depot x3  
  125  8:47  Marine  
  125  8:54  Barracks Reactor x2  
  125  8:58  Siege Tank  
  125  9:00  Infernal Pre-Igniter  
  125  9:01  Starport Reactor  
  124  9:02  Marine  
  124  9:03  Barracks Reactor, Marine  
  124  9:05  Siege Tank, Factory Tech Lab  
  124  9:06  Marine  
  124  9:07  Marine  
  124  9:08  Marine  
  130  9:17  SCV x3  
  130  9:23  Marine  
  130  9:24  Siege Tank  
  130  9:26  Marauder  
  130  9:27  Marine x2  
  130  9:28  Marine  
  130  9:29  SCV x2  
  134  9:33  Siege Tank  
  134  9:34  Marine x2  
  137  9:39  Marine x2  
  137  9:40  Planetary Fortress  
  137  9:41  Marine  
  137  9:45  Marine x2  
  138  9:49  Marine x2  
  138  9:50  Refinery x2  
  138  9:51  Sensor Tower  
  138  9:52  Barracks Reactor, Marine x2  
  141  9:54  SCV x3  
  141  9:55  Combat Shield  
  141  9:57  Marine x2  
  141  9:59  Marine  
  145  10:00  Medivac  
  145  10:03  Marine x2  
  145  10:04  Supply Depot  
  145  10:05  Supply Depot  
  145  10:06  SCV  
  150  10:07  Marine x2  
  150  10:09  Marine x2  
  157  10:15  Marine x2  
  157  10:17  Marine  
  157  10:21  Marine x2  
  162  10:22  Terran Infantry Armor Level 2, Terran Infantry Weapons Level 2  
  162  10:25  Marine x2  
  162  10:27  Marine x2  
  163  10:29  Marine x2  
  163  10:33  Marine x2  
  167  10:42  SCV x2  
  160  10:43  Marine x2  
  160  10:44  Medivac x2  
  160  10:46  Marauder, Marine x3  
  160  10:47  Siege Tank x2  
  168  10:50  Marine x4  
  168  10:51  Marine  
  173  10:59  Siege Tank  
  173  11:00  Marine  
  177  11:04  Marine  
  177  11:05  Marine x3  
  177  11:08  Marauder, Marine x5  
  182  11:14  Medivac x2  
  186  11:18  Marine  
  186  11:22  Marine x2  
  186  11:23  Marine x2  
  172  11:25  Marine  
  172  11:26  Marine x4  
  172  11:29  Marine  
  172  11:31  Siege Tank x2  
  164  11:36  Marine  
  164  11:37  Siege Tank  
  164  11:40  Marine x4  
  164  11:43  Marine  
  164  11:44  Marine x4  
  164  11:46  Marine  
  174  11:48  Medivac x2  
  178  11:54  Marine  
  178  11:58  Marine x4  
  183  12:01  Marine x3  
  183  12:02  Marine x2  
  187  12:08  Supply Depot  
  187  12:09  Supply Depot  
  187  12:12  Marine  
  187  12:14  Marauder, Ghost Academy  
  184  12:16  Marine x4  
  184  12:18  Medivac  
  184  12:19  Marine x3  
  184  12:21  Viking  
  181  12:25  Marine  
  181  12:26  Marine  
  181  12:29  Marine  
  178  12:31  Barracks  
  178  12:32  Barracks  
  178  12:33  Marine  
  178  12:34  Marine x3  
  178  12:35  Marauder  
  179  12:37  Marine x3  
  179  12:43  Marine x2  
  184  12:47  Marine  
  184  12:48  Terran Infantry Armor Level 3, Terran Infantry Weapons Level 3  
  178  12:51  Marine  
  178  12:52  Marine x3  
  178  12:54  Marine  
  178  12:55  Marine x2  
  178  12:57  Marauder, Viking x2  
  178  13:01  Marine x2  
  178  13:05  Marine  
  180  13:09  Marine x4  
  180  13:12  Marine  
  185  13:13  Marine x2  
  185  13:17  Ghost  
  185  13:19  Command Center  
  190  13:22  Personal Cloaking, Barracks Tech Lab x2  
  190  13:24  Marine x3  
  193  13:27  Marine x4  
  193  13:29  SCV x2  
  193  13:34  Marine  
  196  13:59  Marine  
  196  14:00  Marine x8  
  196  14:01  Ghost  
  200  14:07  Ghost x2  
  200  14:08  Marine  
  193  14:16  SCV x2  
  193  14:17  SCV x2, Marine  
  180  14:22  Marine x3  
  180  14:23  Marine x5  
  170  14:25  Medivac x2  
  170  14:26  Marine  
  170  14:28  SCV x2  
  170  14:29  SCV, Ghost  
  170  14:30  SCV  
  176  14:35  Ghost  
  176  14:36  Ghost  
  180  14:44  SCV  
  180  14:45  Refinery, SCV x3, Command Center  
  184  14:54  Planetary Fortress  
  184  14:57  Medivac x2  
  184  14:58  Ghost  
  190  15:05  Ghost x2  
  194  15:27  Marauder  
  194  15:28  Terran Vehicle And Ship Armor Level 1  
  196  15:34  Marauder, Liberator x2  
  196  15:35  Marauder  
  200  15:48  Ghost  
  182  15:51  Siege Tank  
  182  15:55  Ghost x2  
  191  15:58  Siege Tank, Marine  
  191  15:59  Siege Tank  
  192  16:08  Refinery, Barracks x2  
  192  16:09  Barracks  
  192  16:10  Refinery  
  192  16:16  Ghost  
  174  16:19  Marine x10  
  174  16:24  Ghost  
  174  16:25  Marauder  
  158  16:32  Siege Tank x2  
  155  16:33  Siege Tank  
  155  16:37  Marine x8  
  162  16:42  Marine x2  
  162  16:45  Ghost  
  162  16:46  Marauder  
  166  16:52  Ghost  
  168  16:54  Marine  
  168  16:55  Marine  
  170  17:03  Barracks Tech Lab x2  
  170  17:04  Barracks Tech Lab  
  170  17:06  Ghost  
  170  17:07  Command Center  
  172  17:10  Starport  
  172  17:12  Fusion Core  
  172  17:13  Marine  
  172  17:14  Marine x6, Ghost  
  181  17:21  Ghost  
  181  17:22  Planetary Fortress  
  183  17:31  Ghost  
  183  17:32  Ghost  
  187  17:38  Ghost x2  
  187  17:42  Unknown x3  
  187  17:43  Unknown  
  187  17:44  Refinery  
  191  17:45  Ghost  
  191  17:46  Refinery  
  191  17:48  Hi-Sec Auto Tracking  
  183  17:59  Ghost  
  185  18:06  Ghost  
  185  18:07  Marauder, Ghost  
  185  18:11  Unknown x2  
  185  18:12  Marauder, Unknown x2  
  193  18:14  Marauder  
  194  18:27  Ghost x2  
  194  18:32  Ghost  
  194  18:36  Marauder x3  
  200  18:46  Nuke  
  200  18:48  Starport Tech Lab  
  200  18:51  Ghost Academy  
  200  18:52  Ghost Academy  
  200  19:03  Missile Turret  
  200  19:06  Command Center x2  
Tags
 
Add a new tag
Caveats
  • Supply blocks, unpowered buildings, or Contaminate may cause inaccurate times.
  • Supply counts are checked every 10 seconds.